 Dungeon Crawl Stone Soup version 0.23.2-40-g277498a001 (webtiles) character file.

Game seed: 5468564870191616198

1521 Iskender the Poker (level 8, -9/55 HPs)
             Began as a Gargoyle Chaos Knight on Oct 10, 2019.
             Was a Plaything of Xom.
             Mangled by a small abomination (15 damage)
             ... on level 2 of the Abyss.
             The game lasted 00:44:36 (6633 turns).

Iskender the Poker (Gargoyle Chaos Knight)          Turns: 6633, Time: 00:44:37

Health: -9/55      AC:  9    Str: 17    XL:     8   Next: 84%
Magic:  14/14      EV: 11    Int: 12    God:    Xom [*.....]
Gold:   232        SH:  0    Dex: 11    Spells: 12/15 levels left

rFire    + . .     SeeInvis .   b - +1 flail (crush)
rCold    + . .     Gourm    .   (no shield)
rNeg     + . .     Faith    .   F - +2 robe "Tushreukh" {rC+}
rPois    ∞         Spirit   .   (helmet restricted)
rElec    +         Reflect  .   (no cloak)
rCorr    .         Harm     .   (no gloves)
MR       .....     Rnd*Rage +   (no boots)
Stlth    +++.......             (no amulet)
HPRegen  0.18/turn              G - ring of protection from fire
MPRegen  0.14/turn              (no ring)

@: flying
A: big wings, horns 1, berserk 1, mutation resistance 1, negative energy
resistance 1, robust 1, electricity resistance, unbreathing, petrification
resistance, rot immunity, AC +5
a: Stop Flying, Renounce Religion


You were on level 2 of the Abyss.
You worshipped Xom.
You were a special plaything of Xom.
You were not hungry.

You visited 2 branches of the dungeon, and saw 8 of its levels.
You visited the Abyss 1 time.

You collected 310 gold pieces.
You spent 78 gold pieces at shops.

Inventory:

Hand Weapons
 a - a +0 spear
 b - a +1 flail of crushing (weapon)
 k - a +0 spear of chaos
 w - a +3 great sword of freezing
 y - a +1 antimagic mace
 z - a +3 short sword of freezing
 C - a +0 great sword
 H - a +2 hand axe of draining
Missiles
 g - 26 sling bullets
 j - 76 stones (quivered)
 n - 6 needles of frenzy
 L - 5 tomahawks
Armour
 h - a +2 leather armour
 F - the +2 robe "Tushreukh" (worn) {rC+}
   (You found it on level 5 of the Dungeon)

   It protects you from cold.
 J - a +2 shield
Jewellery
 G - a ring of protection from fire (left hand)
Wands
 u - a wand of enslavement (8)
 A - a wand of iceblast (9)
Scrolls
 d - a scroll of immolation
 e - 4 scrolls of teleportation
 m - 2 scrolls of magic mapping
 q - a scroll of silence {unknown}
 v - a scroll of fog {unknown}
 x - a scroll of enchant weapon
 B - 5 scrolls of remove curse
 E - 2 scrolls of blinking {unknown}
 M - a scroll of enchant armour {unknown}
Potions
 f - a potion of might {unknown}
 i - 2 potions of mutation {unknown}
 l - a potion of magic {unknown}
 o - a potion of agility {unknown}
 p - a potion of curing
 r - a potion of invisibility
 s - a potion of haste {unknown}
 t - a potion of cancellation
 D - a potion of flight {unknown}
 I - 2 potions of heal wounds
Comestibles
 c - 10 rations


   Skills:
 - Level 5.4 Fighting
 - Level 1.2 Maces & Flails
 - Level 6.3 Polearms
 - Level 2.1 Armour
 - Level 0.7 Dodging
 + Level 5.4 Stealth
 - Level 4.0 Spellcasting
 - Level 2.1 Charms
 - Level 2.1 Ice Magic


You had 12 spell levels left.
You knew the following spells:

 Your Spells              Type           Power        Failure   Level  Hunger
o - Ozocubu's Armour      Chrm/Ice       #.......     28%         3    ###....

Your spell library contained the following spells:

 Spells                   Type           Power        Failure   Level  Hunger
 Freeze                   Ice            #...         10%         1    #......
 Throw Frost              Conj/Ice       #.....       22%         2    ##.....
 Summon Ice Beast         Ice/Summ       #.......     82%         4    #####..
 Throw Icicle             Conj/Ice       #.......     82%         4    #####..


Dungeon Overview and Level Annotations

Branches:
Dungeon (7/15)             Temple (1/1) D:6

Altars:
Ashenzari
Cheibriados
Dithmenos
Fedhas
Gozag
Hepliaklqana
Kikubaaqudgha
Makhleb
Nemelex Xobeh
Okawaru
Qazlal
Ru
Sif Muna
Trog
Uskayaw
Vehumet
Wu Jian
Xom
Yredelemnul
Zin
The Shining One

Shops:
D:5 (:!*   D:6 !(

Annotations:
D:4 Grinder
D:6 Sigmund


Innate Abilities, Weirdness & Mutations

You are resistant to torment.
Your stone body is resilient. (AC +5)
You are immune to poison.
You resist negative energy. (rN+)
You are resistant to electric shocks. (rElec)
You can survive without breathing.
You are immune to petrification.
You are immune to rotting.
Your large and strong wings let you fly indefinitely.
You have a pair of small horns on your head.
You tend to lose your temper in combat.
You are somewhat resistant to further mutation.
You are robust. (+10% HP)


Message History

The small abomination is heavily damaged.
The small abomination hits you!
You hit the small abomination but do no damage.
The small abomination is heavily damaged.
The small abomination hits you but does no damage.
The small abomination barely misses you.
You hit the small abomination but do no damage.
The small abomination is heavily damaged.
The small abomination misses you. The small abomination hits you.
You closely miss the small abomination.
The small abomination is heavily damaged.
The small abomination closely misses you.
You barely miss the small abomination.
The small abomination is heavily damaged.
The small abomination hits you!!
* * * LOW HITPOINT WARNING * * *
A shower of butterflies erupts from you!
The small abomination hits you!
You die...
Xom thinks this is hilarious!

..##..# #.# .
### .# #...# #
## . ##.. .. .
.. #
..#...##..##..
###...##. ##...
# . #
..#...###..# #.
#. ## #.##bb
..# ###..#..#.
#b###.....
#.###.#.#.#@x.#
# . .#..##..#b#
##.. .#..##b..#
#..#..#.#
.#...#
##.§.#.## ##
..# .##.#. ..
..# ..###. # .
## #. #


You could see a small abomination.

Vanquished Creatures
  Menkaure (D:6)
  An ice beast (D:5)
  An ogre (D:4)
  2 centaurs (D:5)
  A bullfrog (D:6)
  A scorpion (D:5)
  4 wights (D:6)
  2 crimson imps (D:6)
  A jelly (D:3)
  2 hounds
  2 bullfrog skeletons
  An orc wizard (D:6)
  2 worker ants
  A worker ant zombie (D:6)
  11 adders
  An adder zombie (D:6)
  2 adder skeletons (D:4)
  3 worms
  5 dart slugs
  4 leopard geckos
  11 orcs
  A ball python (D:2)
  5 bats
  7 giant cockroaches
  9 goblins
  8 hobgoblins
  10 jackals
  5 frilled lizards
  8 kobolds
  A quokka skeleton (D:5)
  8 rats
121 creatures vanquished.

Vanquished Creatures (collateral kills)
  An ogre (D:4)
  A phantom (D:5)
  A scorpion (D:5)
  3 orc priests (D:4)
  A worker ant zombie (D:5)
  An adder (D:4)
  A worm (D:4)
  4 orcs (D:4)
  A goblin (D:1)
14 creatures vanquished.

Vanquished Creatures (others)
  A crimson imp (D:5)
  A dart slug (D:1)
2 creatures vanquished.

Grand Total: 137 creatures vanquished

Notes
Turn   | Place    | Note
-------+----------+-------------------------------------------
     0 | D:1      | Iskender the Gargoyle Chaos Knight began the quest for the
                  | Orb.
     0 | D:1      | Reached XP level 1. HP: 14/14 MP: 1/1
   125 | D:1      | Reached skill level 1 in Stealth
   126 | D:1      | XOM: cast spell 'Summon Ice Beast'
   263 | D:1      | XOM: harmless Fire miscast
   313 | D:1      | Reached XP level 2. HP: 19/19 MP: 2/2
   631 | D:1      | Reached skill level 3 in Polearms
   643 | D:1      | XOM: 1-stop teleportation journey
   881 | D:2      | XOM: 3-stop teleportation journey
   923 | D:2      | Reached XP level 3. HP: 19/23 MP: 3/3
  1048 | D:2      | Reached XP level 4. HP: 22/28 MP: 4/4
  1091 | D:2      | Reached skill level 4 in Polearms
  1166 | D:2      | XOM: blink monster(s)
  1373 | D:2      | XOM: give mutations
  1373 | D:2      | Gained mutation: You are somewhat resistant to further
                  | mutation. [Xom's grace]
  1373 | D:2      | Gained mutation: Your large and strong wings let you fly
                  | indefinitely. [Xom's grace]
  1373 | D:2      | Gained mutation: You are robust. (+10% HP) [Xom's grace]
  1373 | D:2      | Gained mutation: You are very robust. (+20% HP) [Xom's
                  | grace]
  1475 | D:2      | Reached XP level 5. HP: 36/38 MP: 5/5
  1528 | D:2      | XOM is BORED!
  1528 | D:2      | XOM: medium Fire miscast
  1528 | D:2      | XOM: smoke on damage
  1776 | D:2      | Found an ornate altar of the Wu Jian Council.
  1776 | D:2      | Found a shattered altar of Ashenzari.
  1777 | D:2      | Found a hide-covered altar of Uskayaw.
  1789 | D:2      | Found a glowing silver altar of Zin.
  1799 | D:2      | XOM: scenery: 1 doors close
  2049 | D:3      | XOM: cleaving
  2050 | D:3      | XOM: polymorph orc priest -> jelly
  2069 | D:3      | Reached skill level 5 in Polearms
  2989 | D:3      | Found a radiant altar of Vehumet.
  3095 | D:3      | XOM: god gift: wand of iceblast (9)
  3109 | D:3      | Reached XP level 6. HP: 44/44 MP: 6/6
  3274 | D:4      | XOM: mild Air miscast
  3348 | D:4      | XOM: medium Tloc miscast
  3349 | D:4      | Noticed a spatial vortex
  3349 | D:4      | Noticed a spatial vortex
  3460 | D:4      | XOM: mild Fire miscast
  3467 | D:4      | XOM: noise
  3574 | D:4      | XOM: summons friendly white imp
  3585 | D:4      | Reached skill level 5 in Stealth
  3664 | D:4      | Noticed Grinder
  3710 | D:4      | Reached XP level 7. HP: 39/49 MP: 7/7
  3801 | D:4      | Found an ancient bone altar of Kikubaaqudgha.
  3964 | D:4      | Found a snail-covered altar of Cheibriados.
  4124 | D:4      | XOM: scenery: create altars
  4217 | D:4      | XOM: harmless Chrm miscast
  4272 | D:5      | Entered Level 5 of the Dungeon
  4381 | D:5      | Found Bulelom's Assorted Antiques.
  4394 | D:5      | XOM: mild Necr miscast
  4527 | D:5      | Reached skill level 6 in Polearms
  4542 | D:5      | XOM: 1-stop teleportation journey
  4545 | D:5      | XOM: summons 5 friendly demons
  4594 | D:5      | XOM: potion effect (might)
  4606 | D:5      | Reached skill level 5 in Fighting
  4633 | D:5      | Got a heavily jewelled robe
  4646 | D:5      | Found Icsickil's Distillery.
  4663 | D:5      | Bought a potion of degeneration for 13 gold pieces
  4663 | D:5      | Bought a potion of heal wounds for 65 gold pieces
  4684 | D:4      | Learned a level 3 spell: Ozocubu's Armour
  4739 | D:4      | XOM: divination: detect items
  5009 | D:5      | XOM: cast spell 'Summon Butterflies'
  5027 | D:5      | Reached skill level 1 in Ice Magic
  5027 | D:5      | Reached XP level 8. HP: 42/58 MP: 7/9
  5077 | D:5      | XOM: harmless Fire miscast
  5083 | D:5      | Reached skill level 1 in Spellcasting
  5083 | D:5      | Reached skill level 1 in Charms
  5101 | D:5      | XOM: harmless Ice miscast
  5109 | D:5      | Found Dudin's Antique Weapon Shop.
  5126 | D:5      | Found Filotiesch's Book Emporium.
  5192 | D:6      | Noticed Menkaure
  5212 | D:6      | Found a shattered altar of Ashenzari.
  5229 | D:6      | XOM: smoke on damage
  5301 | D:6      | XOM: divination: detect items
  5328 | D:6      | Found Eleff's Distillery.
  5328 | D:6      | XOM: divination: magic mapping
  5334 | D:6      | XOM: harmless Hex miscast
  5338 | D:6      | XOM: divination: detect creatures
  5389 | D:6      | XOM: potion effect (might)
  5563 | D:6      | Noticed Sigmund
  5640 | D:6      | Identified the +2 robe "Tushreukh" {rC+} (You found it on
                  | level 5 of the Dungeon)
  5704 | D:6      | XOM: harmless Fire miscast
  5729 | D:6      | XOM: confuse monster(s)
  5748 | D:6      | Killed Menkaure
  5774 | D:6      | XOM: summons 4 hostile demons
  5777 | D:6      | Found a staircase to the Ecumenical Temple.
  5841 | Temple   | Entered the Ecumenical Temple
  6077 | D:6      | XOM: give mutations
  6077 | D:6      | Gained mutation: You have a pair of small horns on your
                  | head. [Xom's mischief]
  6077 | D:6      | Lost mutation: You are very robust. (+20% HP) [Xom's
                  | mischief]
  6077 | D:6      | Gained mutation: You tend to lose your temper in combat.
                  | [Xom's mischief]
  6233 | D:6      | XOM: summons 8 friendly demons
  6313 | D:6      | Found Xuoxoenn's Weapon Emporium.
  6364 | D:6      | XOM: mild Summ miscast
  6584 | D:7      | Reached skill level 1 in Maces & Flails
  6589 | D:7      | XOM is BORED!
  6589 | D:7      | XOM: severe Tloc miscast
  6589 | D:7      | Cast into level 2 of the Abyss (the severe capriciousness
                  | of Xom)
  6589 | Abyss:2  | Found a corrupted altar of Lugonu.
  6623 | Abyss:2  | Noticed a small abomination
  6633 | Abyss:2  | XOM: butterfly on damage
  6633 | Abyss:2  | Mangled by a small abomination

Skill      XL: |  1  2  3  4  5  6  7  8 |
---------------+-------------------------+-----
Stealth        | 2 3 5 |  5.4
Polearms       | 3 4 5 6 |  6.3
Fighting       | 5 |  5.4
Ice Magic      | 1 2 |  2.1
Spellcasting   | 4 |  4.0
Charms         | 2 |  2.1
Maces & Flails | 1 |  1.2
Armour         | |  2.1
Dodging        | |  0.7

Action                   |  1- 3 |  4- 6 |  7- 9 || total
-------------------------+-------+-------+-------++-------
Melee: Spear             |    94 |   338 |   192 ||   624
       Hand axe          |       |       |    10 ||    10
       Flail             |       |       |    78 ||    78
       Headbutt          |       |       |    10 ||    10
Throw: Stone             |     2 |     2 |     3 ||     7
 Abil: Fly               |       |     1 |       ||     1
  Use: Scroll            |     3 |       |     3 ||     6
       Potion            |       |     3 |     1 ||     4
 Stab: Paralysed         |     7 |       |       ||     7
       Sleeping          |     3 |     9 |     5 ||    17
       Distracted        |     1 |       |       ||     1
       Confused          |     2 |       |     2 ||     4
       Invisible         |       |       |     3 ||     3
  Eat: Chunk             |       |     9 |     7 ||    16
       Ration            |       |       |     1 ||     1
Armor: Leather armour    |    19 |    84 |    68 ||   171
       Robe              |       |       |    29 ||    29
Dodge: Dodged            |    35 |   115 |   137 ||   287
